 Dungeon Crawl Stone Soup version 0.30-a0-141-g30f27751c5 (webtiles) character file.

Game seed: 2639785417439510624

84 qw the Chopper (level 4, -1/28 HPs)
             Began as a Gargoyle Fighter on Sept 25, 2022.
             Slain by an orc wizard
             ... wielding a +0 dagger
              (2 damage)
             ... on level 4 of the Dungeon.
             The game lasted 00:00:30 (1382 turns).

qw the Chopper (Gargoyle Fighter)                   Turns: 1382, Time: 00:00:31

Health: -1/28      AC: 10    Str: 21    XL:     4   Next: 46%
Magic:  4/4        EV:  9    Int:  9    God:
Gold:   56         SH:  4    Dex:  9    Spells: 3/3 levels left

rFire   . . .      SeeInvis .    Y - +0 war axe
rCold   . . .      Faith    .    c - +0 buckler
rNeg    + . .      Spirit   .    b - +0 scale mail
rPois   inf        Reflect  .    (no helmet)
rElec   +          Harm     .    f - scarf {repulsion}
rCorr   .          Rampage  .    (no gloves)
Will    .....                    (no boots)
Stlth   ..........               (no amulet)
HPRegen 0.09/turn                (no ring)
MPRegen 0.09/turn                (no ring)

@: repel missiles
A: sickness immunity, AC +3, negative energy resistance 1, electricity
resistance, torment resistance 1, petrification resistance
a: no special abilities


You were on level 4 of the Dungeon.
You visited 1 branch of the dungeon, and saw 3 of its levels.

You collected 56 gold pieces.


Innate Abilities, Weirdness & Mutations

You are immune to sickness and miasma.
Your stone body is resilient. (AC +3)
You are immune to poison.
You resist negative energy. (rN+)
You are resistant to electric shocks. (rElec)
You are resistant to unholy torment.
You are immune to petrification.


   Skills:
 - Level 3.2 Fighting
 + Level 4.1 Axes
 - Level 3.2 Armour
 - Level 3.2 Shields


You had 3 spell levels left.
You didn't know any spells.
Your spell library was empty.

Inventory:

Hand Weapons
 e - a +0 flail
 Y - a +0 war axe (weapon)
Armour
 b - a +0 scale mail (worn)
 c - a +0 buckler (worn)
 f - a scarf of repulsion (worn)
Scrolls
 g - 2 scrolls of enchant armour
Potions
 d - a potion of might

Dungeon Overview and Level Annotations

Branches:
Dungeon (2/15)

Altars:

Shops:
D:1 (


Message History

The orc wizard is lightly wounded.
The orc wizard mumbles some strange words.
The orc wizard flickers and vanishes!
Deactivating autopickup; reactivate with Ctrl-A.
Something hits you but does no damage.
You completely miss something.
You hear some strange, mumbled words.
A magic dart appears from out of thin air!
The magic dart hits you but does no damage.
You hit something but do no damage. Something hits you.
You closely miss something.
Something hits you but does no damage. x2
You miss something. Something hits you but does no damage.
You barely miss something.
Something hits you but does no damage. x2
You miss something. Something hits you but does no damage.
You miss something. Something hits you but does no damage.
You miss something. You block something's attack. Something hits you.
You closely miss something.
You hear some strange, mumbled words.
Something tries to affect you, but you resist.
You closely miss something. You block something's attack.
You completely miss something. Something hits you.
You hear some strange, mumbled words.
A magic dart appears from out of thin air!
The magic dart hits you.
You barely miss something. Something hits you but does no damage.
You closely miss something. Something hits you.
You barely miss something. Something hits you but does no damage.
Something hits you.
You die...

...
..#
####
..#
#.#
#@#
#{#


oo# ...# ...## ##.# #. .. You could see 2 orcs.

Vanquished Creatures
  A hound (D:4)
  2 adders
  A dart slug (D:1)
  3 orcs (D:4)
  3 endoplasms
  A hobgoblin (D:1)
  2 jackals (D:1)
  A kobold (D:1)
  A quokka (D:2)
  3 ball pythons
  2 bats (D:1)
  A frilled lizard (D:1)
  6 goblins
  3 rats (D:1)
30 creatures vanquished.

Notes
Turn   | Place    | Note
-------+----------+-------------------------------------------
     0 | D:1      | qw the Gargoyle Fighter began the quest for the Orb.
     0 | D:1      | Reached XP level 1. HP: 14/14 MP: 1/1
     0 | D:1      | 0 ||| qw: Version: 0.2-a-10-g399e6c4
     0 | D:1      | 0 ||| qw: Game counter: 357
     0 | D:1      | 0 ||| qw: Always use a shield: true
     0 | D:1      | 0 ||| qw: God list: Okawaru
     0 | D:1      | 0 ||| qw: Allow faded altars: false
     0 | D:1      | 0 ||| qw: Do Orc after D:15 true
     0 | D:1      | 0 ||| qw: Do second Lair branch before Depths: true
     0 | D:1      | 0 ||| qw: Lair rune preference: random
     0 | D:1      | 0 ||| qw: Plans: Normal, Zot:1-4, God:TSO, Crypt, Tomb,
                  | Pan, Slime:5, Hells, Abyss, Orb
     0 | D:1      | 0 ||| PLANNING D:1-11
    99 | D:1      | Reached skill level 2 in Axes
   186 | D:1      | 186 ||| Stepping ~*~*~tactically~*~*~ (stealth).
   191 | D:1      | Reached XP level 2. HP: 8/19 MP: 2/2
   237 | D:1      | 237 ||| Stepping ~*~*~tactically~*~*~ (stealth).
   368 | D:1      | 368 ||| Stepping ~*~*~tactically~*~*~ (stealth).
   729 | D:1      | 729 ||| DROPPING +0 club.
   732 | D:1      | Found Moilupel's Antique Weapon Shop.
   738 | D:1      | 738 ||| SHOPLISTING morningstar (88 gold, have 47).
   738 | D:1      | 738 ||| SHOPLISTING runed mace (132 gold, have 47).
   927 | D:1      | 927 ||| Stepping ~*~*~tactically~*~*~ (hiding).
   935 | D:1      | Reached skill level 3 in Axes
  1084 | D:1      | 1084 ||| UPGRADING to scarf of repulsion.
  1089 | D:1      | 1089 ||| READING scroll labelled RYMUMY COYGO.
  1090 | D:1      | 1090 ||| READING 3 scrolls labelled YDOTSOU UDURU.
  1091 | D:1      | 1091 ||| READING 3 scrolls labelled UTOROM XYCULI.
  1092 | D:1      | 1092 ||| READING scroll labelled NOVVAODOU.
  1093 | D:1      | 1093 ||| DROPPING 2 scrolls of blinking.
  1126 | D:2      | Reached XP level 3. HP: 23/23 MP: 3/3
  1136 | D:2      | 1136 ||| Stepping ~*~*~tactically~*~*~ (stealth).
  1197 | D:2      | You fall into a shaft and drop 2 floors!
  1227 | D:4      | Reached XP level 4. HP: 24/28 MP: 4/4
  1228 | D:4      | Reached skill level 4 in Axes
  1287 | D:4      | 1287 ||| DROPPING +0 mace.
  1336 | D:4      | 1336 ||| READING scroll labelled WENAPN YDGHE.
  1379 | D:4      | HP: 5/28 [something/magic dart (4)]
  1381 | D:4      | HP: 1/28 [something (4)]
  1382 | D:4      | Slain by an orc wizard

Levels and vault maps discovered:
D:1:      dpeg_arrival_long_road, layout_basic, serial_shops, shop
D:2:      layout_basic
D:4:      layout_loops_ring, mainiacjoe_overflow_small_starburst,
          nzn_hepliaklqana_mist_gate

Skill      XL: |  1  2  3  4 |
---------------+-------------+-----
Axes           | 2 3 4 |  4.1
Fighting       | |  3.2
Armour         | |  3.2
Shields        | |  3.2

Action                   |  1- 3 |  4- 6 || total
-------------------------+-------+-------++-------
Melee: War axe           |    67 |    47 ||   114
  Use: Scroll            |     4 |     1 ||     5
Armor: Scale mail        |    27 |    30 ||    57
Dodge: Dodged            |    25 |     7 ||    32
       Repelled          |       |     1 ||     1
Block: Buckler           |    13 |     4 ||    17

Table legend:
 A = Non-vault XP
 B = Vault XP
 C = Vault XP percentage of total XP
 D = Non-vault monster count
 E = Vault monster count
 F = Vault count percentage of total count
                 A         B        C        D         E       F
            +---------+---------+-------+---------+---------+-------
      Total |     121 |       0 |   0.0 |      30 |       0 |   0.0
            +---------+---------+-------+---------+---------+-------
        D:1 |      31 |       0 |   0.0 |      18 |       0 |   0.0
        D:2 |      20 |       0 |   0.0 |       5 |       0 |   0.0
        D:4 |      70 |       0 |   0.0 |       7 |       0 |   0.0
            +---------+---------+-------+---------+---------+-------
